| TOP OF THE 1ST |
|
New York Yankees batting - Pitching for Baltimore Orioles : LHP Randy Johnson Jr.
|
|
Pitching: LHP Randy Johnson Jr.
|
|
|
Batting: LHB Jason Peck
|
0-0: Ball 1-0: Ball 2-0: Ball 3-0: Called Strike 3-1: Swinging Strike 3-2: Base on Balls
|
|
Batting: LHB Jordan de Jesus
|
0-0: Called Strike 0-1: Ball 1-1: Ball 2-1: Foul Ball, location: 2F 2-2: Fly out, F9 (Flyball, 89M, EV 92.5 MPH)
|
|
Batting: SHB Bartholomeu Chambino
|
0-0: Ground out 5-3 (Groundball, 5, EV 103.1 MPH) Jason Peck to second
|
|
Batting: RHB Kai Bellow
|
0-0: Called Strike 0-1: Ball 1-1: Foul Ball, location: 2F 1-2: Ground out 5-3 (Groundball, 5S, EV 74.4 MPH)
|
| Top of the 1st over - 0 runs, 0 hits, 0 errors, 1 left on base; New York 0 - Baltimore 0 |
| BOTTOM OF THE 1ST |
|
Baltimore Orioles batting - Pitching for New York Yankees : LHP Zach Purvis
|
|
Pitching: LHP Zach Purvis
|
|
|
Batting: RHB Alex Rodriguez Jr.
|
0-0: Called Strike 0-1: Called Strike 0-2: Ground out 6-3 (Groundball, 6, EV 83.1 MPH)
|
|
Batting: SHB Jason Hayes
|
0-0: Ball 1-0: Ground out 6-3 (Groundball, 6, EV 101.9 MPH)
|
|
Batting: RHB Kevin Howard
|
0-0: Called Strike 0-1: Ball 1-1: Ball 2-1: Foul Ball, location: 2F 2-2: Ball 3-2: DOUBLE (Line Drive, 8LXD, EV 110.0 MPH)
|
|
Batting: LHB Brad Pepin
|
0-0: Called Strike 0-1: 2-RUN HOME RUN (Flyball, 7LD, EV 96.3 MPH), Distance : 363 ft
|
|
Batting: RHB Dermott Neill
|
0-0: Foul Ball, location: 2F 0-1: Ball 1-1: Ball 2-1: Swinging Strike 2-2: Ball 3-2: Strikes out looking
|
| Bottom of the 1st over - 2 runs, 2 hits, 0 errors, 0 left on base; New York 0 - Baltimore 2 |
| TOP OF THE 2ND |
|
New York Yankees batting - Pitching for Baltimore Orioles : LHP Randy Johnson Jr.
|
|
Batting: LHB Jim Skare
|
0-0: Ball 1-0: Foul Ball, location: 2F 1-1: Foul Ball, location: 2F 1-2: Ball 2-2: Fly out, F8 (Flyball, 8LD, EV 103.1 MPH)
|
|
Batting: LHB David Bramble
|
0-0: Foul Ball, location: 2F 0-1: Foul Ball, location: 2F 0-2: Fly out, F9 (Flyball, 9D, EV 99.4 MPH)
|
|
Batting: RHB Sam Saunders
|
0-0: Called Strike 0-1: Foul Ball, location: 2F 0-2: Foul Ball, location: 2F 0-2: Foul Ball, location: 2F 0-2: Ball 1-2: Strikes out swinging
|
| Top of the 2nd over - 0 runs, 0 hits, 0 errors, 0 left on base; New York 0 - Baltimore 2 |
| BOTTOM OF THE 2ND |
|
Baltimore Orioles batting - Pitching for New York Yankees : LHP Zach Purvis
|
|
Batting: LHB Stu Sornson
|
0-0: Called Strike 0-1: Ball 1-1: Foul Ball, location: 2F 1-2: Ground out 4-3 (Groundball, 4, EV 82.5 MPH)
|
|
Batting: RHB Jeremy Giesler
|
0-0: Ball 1-0: Swinging Strike 1-1: Swinging Strike 1-2: Strikes out swinging
|
|
Batting: LHB Paul Diaz
|
0-0: Foul Ball, location: 2F 0-1: Ball 1-1: Swinging Strike 1-2: Strikes out swinging
|
| Bottom of the 2nd over - 0 runs, 0 hits, 0 errors, 0 left on base; New York 0 - Baltimore 2 |
| TOP OF THE 3RD |
|
New York Yankees batting - Pitching for Baltimore Orioles : LHP Randy Johnson Jr.
|
|
Batting: LHB Brad Ritter
|
0-0: Foul Ball, location: 2F 0-1: Ball 1-1: Swinging Strike 1-2: Ball 2-2: Foul Ball, location: 2F 2-2: Ball 3-2: Ground out 6-3 (Groundball, 6, EV 90.0 MPH)
|
|
Batting: RHB Russ Shambaugh
|
0-0: Ball 1-0: Called Strike 1-1: Ball 2-1: SINGLE (Groundball, 6MS, EV 67.5 MPH) (infield hit)
|
|
Batting: LHB Jason Peck
|
0-0: Called Strike 0-1: Foul Ball, location: 2F 0-2: Ball 1-2: Ball 2-2: Strikes out swinging
|
|
Batting: LHB Jordan de Jesus
|
0-0: Called Strike 0-1: Ground out 4-3 (Groundball, 4, EV 102.5 MPH)
|
| Top of the 3rd over - 0 runs, 1 hit, 0 errors, 1 left on base; New York 0 - Baltimore 2 |
| BOTTOM OF THE 3RD |
|
Baltimore Orioles batting - Pitching for New York Yankees : LHP Zach Purvis
|
|
Batting: RHB Carlos Talavera
|
0-0: Called Strike 0-1: Ball 1-1: Swinging Strike 1-2: Foul Ball, location: 2F 1-2: SINGLE (Groundball, 34D, EV 95.6 MPH)
|
|
Batting: RHB Alex Rodriguez Jr.
|
0-0: Ball 1-0: Foul Ball, location: 2F 1-1: Swinging Strike 1-2: Ball 2-2: Foul Ball, location: 2F 2-2: Strikes out looking
|
|
Batting: SHB Jason Hayes
|
0-0: Ball 1-0: Foul Ball, location: 2F 1-1: Ball 2-1: Fielders Choice at 2nd, 5-4 (Groundball, 5, EV 80.6 MPH)
|
|
Batting: RHB Kevin Howard
|
0-0: Ball 1-0: Swinging Strike 1-1: Foul Ball, location: 2F 1-2: SINGLE (Line Drive, 8RS, EV 93.8 MPH) Jason Hayes to second
|
|
Pitching: RHP Mike Amos
|
|
|
Batting: LHB Brad Pepin
|
0-0: Ball 1-0: Called Strike 1-1: Swinging Strike 1-2: Ball 2-2: Ball 3-2: Base on Balls Jason Hayes to third Kevin Howard to second
|
|
Batting: RHB Dermott Neill
|
0-0: Called Strike 0-1: Foul Ball, location: 2F 0-2: Ball 1-2: SINGLE (Groundball, 13S, EV 68.1 MPH) (infield hit) Jason Hayes scores Kevin Howard to third Brad Pepin to second
|
|
Batting: LHB Stu Sornson
|
0-0: Ball 1-0: Foul Ball, location: 2F 1-1: Called Strike 1-2: Foul Ball, location: 2F 1-2: Ball 2-2: Ground out 4-3 (Groundball, 4, EV 87.5 MPH)
|
| Bottom of the 3rd over - 1 run, 3 hits, 0 errors, 3 left on base; New York 0 - Baltimore 3 |
| TOP OF THE 4TH |
|
New York Yankees batting - Pitching for Baltimore Orioles : LHP Randy Johnson Jr.
|
|
Batting: SHB Bartholomeu Chambino
|
0-0: Ball 1-0: Swinging Strike 1-1: Foul Ball, location: 2F 1-2: Ball 2-2: Strikes out swinging
|
|
Batting: RHB Kai Bellow
|
0-0: Ball 1-0: Foul Ball, location: 2F 1-1: Ground out 6-3 (Groundball, 6, EV 103.8 MPH)
|
|
Batting: LHB Jim Skare
|
0-0: Called Strike 0-1: Ball 1-1: Swinging Strike 1-2: Ball 2-2: Strikes out swinging
|
| Top of the 4th over - 0 runs, 0 hits, 0 errors, 0 left on base; New York 0 - Baltimore 3 |
| BOTTOM OF THE 4TH |
|
Baltimore Orioles batting - Pitching for New York Yankees : RHP Mike Amos
|
|
Batting: RHB Jeremy Giesler
|
0-0: Swinging Strike 0-1: Ground out 4-3 (Groundball, 4, EV 101.9 MPH)
|
|
Batting: LHB Paul Diaz
|
0-0: Ball 1-0: SOLO HOME RUN (Flyball, 9D, EV 98.1 MPH), Distance : 372 ft
|
|
Batting: RHB Carlos Talavera
|
0-0: Ball 1-0: Ball 2-0: Ground out U3 (Groundball, 34, EV 87.5 MPH)
|
|
Batting: RHB Alex Rodriguez Jr.
|
0-0: Ball 1-0: Ball 2-0: Foul Ball, location: 2F 2-1: Foul Ball, location: 2F 2-2: Ground out 6-3 (Groundball, 6M, EV 83.8 MPH)
|
| Bottom of the 4th over - 1 run, 1 hit, 0 errors, 0 left on base; New York 0 - Baltimore 4 |
| TOP OF THE 5TH |
|
New York Yankees batting - Pitching for Baltimore Orioles : LHP Randy Johnson Jr.
|
|
Pitching: LHP Matt Tomlinson
|
|
|
Batting: LHB David Bramble
|
0-0: Ball 1-0: Swinging Strike 1-1: Foul Ball, location: 2F 1-2: Strikes out swinging
|
|
Batting: RHB Sam Saunders
|
0-0: Called Strike 0-1: Ball 1-1: Ball 2-1: Foul Ball, location: 2F 2-2: Strikes out looking
|
|
Batting: LHB Brad Ritter
|
0-0: Ball 1-0: Called Strike 1-1: Swinging Strike 1-2: Strikes out looking
|
| Top of the 5th over - 0 runs, 0 hits, 0 errors, 0 left on base; New York 0 - Baltimore 4 |
| BOTTOM OF THE 5TH |
|
Baltimore Orioles batting - Pitching for New York Yankees : RHP Mike Amos
|
|
Batting: SHB Jason Hayes
|
0-0: Called Strike 0-1: Ball 1-1: Called Strike 1-2: Ground out U3 (Groundball, 13, EV 83.8 MPH)
|
|
Batting: RHB Kevin Howard
|
0-0: Called Strike 0-1: Ball 1-1: Foul Ball, location: 2F 1-2: Ball 2-2: Ball 3-2: SINGLE (Line Drive, 9S, EV 89.4 MPH)
|
|
Pitching: RHP Edwin Espinal
|
|
|
Batting: LHB Brad Pepin
|
0-0: Grounds into double play, 4-6-3 (Groundball, 4, EV 92.5 MPH)
|
| Bottom of the 5th over - 0 runs, 1 hit, 0 errors, 0 left on base; New York 0 - Baltimore 4 |
| TOP OF THE 6TH |
|
New York Yankees batting - Pitching for Baltimore Orioles : LHP Matt Tomlinson
|
|
Batting: RHB Russ Shambaugh
|
0-0: Ball 1-0: Ground out 5-3 (Groundball, 56, EV 87.5 MPH)
|
|
Batting: LHB Jason Peck
|
0-0: Ball 1-0: Foul Ball, location: 2F 1-1: Ball 2-1: SINGLE (Groundball, 56S, EV 70.0 MPH) (infield hit)
|
|
Batting: LHB Jordan de Jesus
|
0-0: Called Strike 0-1: Ball 1-1: Ball Jason Peck is caught stealing 2nd base 2-6 2-1: Foul Ball, location: 2F 2-2: Fly out, F7 (Flyball, 78M, EV 93.8 MPH)
|
| Top of the 6th over - 0 runs, 1 hit, 0 errors, 0 left on base; New York 0 - Baltimore 4 |
| BOTTOM OF THE 6TH |
|
Baltimore Orioles batting - Pitching for New York Yankees : RHP Edwin Espinal
|
|
Batting: RHB Dermott Neill
|
0-0: Ball 1-0: Ball 2-0: Foul Ball, location: 2F 2-1: Swinging Strike 2-2: Ball 3-2: Ground out 4-3 (Groundball, 4D, EV 103.1 MPH)
|
|
Batting: LHB Stu Sornson
|
0-0: Called Strike 0-1: Ball 1-1: Called Strike 1-2: Foul Ball, location: 2F 1-2: Strikes out swinging
|
|
Batting: RHB Jeremy Giesler
|
0-0: Swinging Strike 0-1: Called Strike 0-2: Ball 1-2: Fly out, F9 (Flyball, 9S, EV 78.1 MPH)
|
| Bottom of the 6th over - 0 runs, 0 hits, 0 errors, 0 left on base; New York 0 - Baltimore 4 |
| TOP OF THE 7TH |
|
New York Yankees batting - Pitching for Baltimore Orioles : LHP Matt Tomlinson
|
|
Batting: SHB Bartholomeu Chambino
|
0-0: Ball 1-0: Called Strike 1-1: Swinging Strike 1-2: Foul Ball, location: 2F 1-2: Foul Ball, location: 2F 1-2: Foul Ball, location: 2F 1-2: Foul Ball, location: 2F 1-2: Ball 2-2: Ground out 4-3 (Groundball, 13, EV 84.4 MPH)
|
|
Batting: RHB Kai Bellow
|
0-0: Called Strike 0-1: Ground out 5-3 (Groundball, 5L, EV 106.3 MPH)
|
|
Batting: LHB Jim Skare
|
0-0: Ball 1-0: Ground out 5-3 (Groundball, 56S, EV 86.9 MPH)
|
| Top of the 7th over - 0 runs, 0 hits, 0 errors, 0 left on base; New York 0 - Baltimore 4 |
| BOTTOM OF THE 7TH |
|
Baltimore Orioles batting - Pitching for New York Yankees : RHP Edwin Espinal
|
|
Batting: LHB Paul Diaz
|
0-0: Ball 1-0: Ball 2-0: Ground out 5-3 (Groundball, 6, EV 88.8 MPH)
|
|
Batting: RHB Carlos Talavera
|
0-0: Swinging Strike 0-1: Called Strike 0-2: Ball 1-2: Strikes out swinging
|
|
Pinch Hitting: RHB Saimei Kudo
|
0-0: Ground out 5-3 (Groundball, 56, EV 104.4 MPH)
|
| Bottom of the 7th over - 0 runs, 0 hits, 0 errors, 0 left on base; New York 0 - Baltimore 4 |
| TOP OF THE 8TH |
|
New York Yankees batting - Pitching for Baltimore Orioles : LHP Matt Tomlinson
|
|
Pitching: RHP Josh Blankenship
|
|
|
Now at SS: Andres Leon
|
|
|
Batting: LHB David Bramble
|
0-0: Ball 1-0: Ball 2-0: Ball 3-0: Base on Balls
|
|
Pinch Hitting: LHB Evan Torraville
|
0-0: Ball 1-0: SINGLE (Line Drive, 8RS, EV 95.0 MPH) David Bramble to second Runner from 2nd tries for 3rd, SAFE, throw by CF made to third
|
|
Batting: LHB Brad Ritter
|
0-0: Ball 1-0: Foul Ball, location: 2F 1-1: Ball 2-1: Called Strike 2-2: DOUBLE (Line Drive, 8LXD, EV 105.6 MPH) David Bramble scores Evan Torraville to third Runner from 3rd tries for Home, SAFE, no throw by CF
|
|
Pinch Hitting: LHB Alejandro Soriano
|
0-0: Ball 1-0: Ball 2-0: Foul Ball, location: 2F 2-1: Ball Wild Pitch! Brad Ritter to third 3-1: Swinging Strike 3-2: Base on Balls
|
|
Pinch Hitting: RHB Sean Neuroth
|
0-0: Ball 1-0: Hit by Pitch Alejandro Soriano to second
|
|
Batting: LHB Jordan de Jesus
|
0-0: Called Strike 0-1: Foul Ball, location: 2F 0-2: Foul Ball, location: 2F 0-2: Ball 1-2: Foul Ball, location: 2F 1-2: Fly out, F3 (Popup, 34S, EV 75.0 MPH)
|
|
Pinch Hitting: RHB Scott King
|
0-0: Called Strike 0-1: Ball 1-1: DOUBLE (Line Drive, 3D, EV 103.8 MPH) Brad Ritter scores Alejandro Soriano scores Sean Neuroth to third
|
|
Pitching: RHP Errol Dondale
|
|
|
Pinch Hitting: LHB Yao-pang Tien
|
0-0: Called Strike 0-1: SINGLE (Groundball, 34, EV 98.1 MPH) Sean Neuroth scores Scott King to third
|
|
Batting: LHB Jim Skare
|
0-0: Ball 1-0: Foul Ball, location: 2F 1-1: Foul Ball, location: 2F 1-2: Ball 2-2: Ball Yao-pang Tien is caught stealing 2nd base 2-6 3-2: Fly out, F4 (Popup, 34, EV 75.0 MPH)
|
| Top of the 8th over - 5 runs, 4 hits, 0 errors, 1 left on base; New York 5 - Baltimore 4 |
| BOTTOM OF THE 8TH |
|
Baltimore Orioles batting - Pitching for New York Yankees : RHP Edwin Espinal
|
|
Pitching: RHP Justin Byrne
|
|
|
Now at 1B: Scott King
|
|
|
Now at 2B: Sean Neuroth
|
|
|
Now at 3B: Jim Skare
|
|
|
Now at SS: Jordan de Jesus
|
|
|
Now in LF: Yao-pang Tien
|
|
|
Now in CF: Alejandro Soriano
|
|
|
Now in RF: Evan Torraville
|
|
|
Pinch Hitting: RHB Vince Jackson
|
0-0: Foul Ball, location: 2F 0-1: Ball 1-1: Fly out, F7 (Flyball, 78S, EV 86.3 MPH)
|
|
Pinch Hitting: RHB Danny Merrill
|
0-0: Ball 1-0: Ball 2-0: Called Strike 2-1: Swinging Strike 2-2: Ball 3-2: Foul Ball, location: 2F 3-2: Base on Balls
|
|
Pinch Hitting: RHB Marc Peckermark
|
0-0: Ball 1-0: Called Strike 1-1: Ball 2-1: Called Strike 2-2: Strikes out swinging
|
|
Batting: LHB Bob Melley
|
0-0: Called Strike 0-1: Ball 1-1: Ball 2-1: Called Strike 2-2: Strikes out swinging
|
| Bottom of the 8th over - 0 runs, 0 hits, 0 errors, 1 left on base; New York 5 - Baltimore 4 |
| TOP OF THE 9TH |
|
New York Yankees batting - Pitching for Baltimore Orioles : RHP Errol Dondale
|
|
Now at 1B: Paul Diaz
|
|
|
Now at 2B: Vince Jackson
|
|
|
Now at 3B: Danny Merrill
|
|
|
Now in CF: Marc Peckermark
|
|
|
Batting: RHB C.J. Richerson
|
0-0: Ground out U3 (Groundball, 34S, EV 66.9 MPH)
|
|
Batting: LHB Evan Torraville
|
0-0: SINGLE (Groundball, 4, EV 93.8 MPH)
|
|
Pinch Hitting: SHB Billy Durham
|
0-0: Ball 1-0: Grounds into double play, 6-4-3 (Groundball, 6, EV 85.6 MPH)
|
| Top of the 9th over - 0 runs, 1 hit, 0 errors, 0 left on base; New York 5 - Baltimore 4 |
| BOTTOM OF THE 9TH |
|
Baltimore Orioles batting - Pitching for New York Yankees : RHP Justin Byrne
|
|
Pitching: LHP David Ibarra
|
|
|
Now at C: Billy Durham
|
|
|
Pinch Hitting: LHB Gabe Pace
|
0-0: Foul Ball, location: 2F 0-1: Ball 1-1: Ball 2-1: Swinging Strike 2-2: Strikes out swinging
|
|
Pinch Hitting: RHB Casey Nelligan
|
0-0: Foul Ball, location: 2F 0-1: Called Strike 0-2: Foul Ball, location: 2F 0-2: Ball 1-2: Ball 2-2: Strikes out swinging
|
|
Batting: LHB Paul Diaz
|
0-0: Called Strike 0-1: Foul Ball, location: 2F 0-2: Ball 1-2: Foul Ball, location: 2F 1-2: Ball 2-2: Strikes out looking
|
| Bottom of the 9th over - 0 runs, 0 hits, 0 errors, 0 left on base; New York 5 - Baltimore 4 |
|